 Dungeon Crawl Stone Soup version 0.18-a0-1577-gf591c28 (webtiles) character file.

45 gullinbursti the Sneak (level 3, -1/24 HPs)
             Began as a Halfling Assassin on Mar 22, 2016.
             Succumbed to Terence's poison
             ... on level 2 of the Dungeon.
             The game lasted 00:18:22 (1873 turns).

gullinbursti the Sneak (Halfling Assassin)          Turns: 1873, Time: 00:18:23

Health: -1/24      AC:  3    Str: 11    XL:     3   Next: 90%
Magic:  3/3        EV: 14    Int: 13    God:
Gold:   108        SH:  0    Dex: 16    Spells: 0 memorised, 2 levels left

rFire  . . .     SeeInvis .     a - +3 dagger
rCold  . . .     Gourm    .     c - +0 robe
rNeg   . . .     Faith    .     (shield restricted)
rPois  .         Spirit   .     (no helmet)
rElec  .         Dismiss  .     d - +0 cloak
rCorr  .         Reflect  .     (no gloves)
SustAt .         Harm     .     (no boots)
MR     .....                    (no amulet)
Stlth  +++.......               (no ring)
                                A - +3 ring of intelligence

@: lethally poisoned (-1 -> -37), not resistant to hostile enchantments, fairly
stealthy
A: mutation resistance 1
a: no special abilities


You were on level 2 of the Dungeon.
You were not hungry.

You visited 1 branch of the dungeon, and saw 2 of its levels.

You collected 108 gold pieces.

Inventory:

Hand Weapons
 a - a +3 dagger (weapon)
 b - a +0 blowgun
 j - a +0 club
 m - a +0 dagger
 n - a +0 whip
 p - a +0 club
 v - a +0 mace
 B - a +0 short sword
Missiles
 e - 19 poisoned needles (quivered)
 f - 2 curare-tipped needles
 u - 24 arrows
 x - 18 sling bullets
Armour
 c - a +0 robe (worn)
 d - a +0 cloak (worn)
 l - a +0 cloak
 w - a +0 large shield
Jewellery
 A - a +3 ring of intelligence (left hand)
Scrolls
 h - a scroll of remove curse
 i - 4 scrolls of identify
 o - a scroll of fear {unknown}
 y - a scroll of enchant weapon
 z - a scroll of magic mapping {unknown}
 C - a scroll of fog {unknown}
Potions
 k - a potion of ambrosia {unknown}
 q - 3 potions of curing {unknown}
 r - a potion of heal wounds {unknown}
 s - a potion of cancellation {unknown}
 t - a potion of haste {unknown}
Comestibles
 g - a beef jerky
 D - a meat ration


   Skills:
 + Level 1.9 Fighting
 + Level 3.1 Short Blades
 + Level 2.5 Throwing
 + Level 1.7 Dodging
 + Level 5.2 Stealth


You had 2 spell levels left.
You didn't know any spells.

Dungeon Overview and Level Annotations

Branches:
Dungeon (2/15)

Altars:
Ru
Trog
The Shining One

Annotations:
D:2 Terence


Innate Abilities, Weirdness & Mutations

You are small and have problems with some larger weapons.
You are somewhat resistant to further mutation.


Message History

You hit Terence but do no damage.
Terence is moderately wounded.
You feel sick. Terence hits you with a flail of venom.
You are more poisoned.
You hit Terence but do no damage.
Terence is moderately wounded.
* * * LOW HITPOINT WARNING * * *
You feel very sick.
You hit Terence but do no damage.
Terence is moderately wounded.
* * * LOW HITPOINT WARNING * * *
You feel sick. Terence closely misses you.
You barely miss Terence.
Terence is moderately wounded.
* * * LOW HITPOINT WARNING * * *
You feel very sick. Terence hits you but does no damage.
You hit Terence.
Terence is moderately wounded.
You die...

#.. #.# #.# # ### ###
###.# ... ... <..# #.#
#####.##..## #.#
...........# #.#
####..@@..##
#####.#####.#####..(.#
.#.......#...†.....#......
.#.##.##.##.#####....####.
............#####.#.##
...##.........)...#...
..######.##.#######.....
.......#.##.# #.###
#....#.#.#..# .#


You could see Terence.

Vanquished Creatures
  An ooze (D:2)
  2 dart slugs (D:1)
  7 bats
  4 giant cockroaches
  6 goblins
  4 hobgoblins
  A kobold (D:2)
  2 ball pythons
  4 giant newts
  3 rats
34 creatures vanquished.

Notes
Turn   | Place    | Note
--------------------------------------------------------------
     0 | D:1      | gullinbursti the Halfling Assassin began the quest for the Orb.
     0 | D:1      | Reached XP level 1. HP: 14/14 MP: 1/1
   223 | D:1      | Reached XP level 2. HP: 19/19 MP: 2/2
   856 | D:1      | Reached skill level 5 in Stealth
   936 | D:1      | Reached XP level 3. HP: 24/24 MP: 3/3
  1395 | D:2      | Found a bloodstained altar of Trog.
  1516 | D:2      | Found a glowing golden altar of the Shining One.
  1549 | D:2      | Found a sacrificial altar of Ru.
  1858 | D:2      | Noticed Terence
  1872 | D:2      | HP: 1/24 [poisoned by Terence]
  1873 | D:2      | Succumbed to Terence's poison

Vault maps used:
D:1:      lightli_arrival_quake
D:2:      nicolae_overflow_hidden_temple, nicolae_overflow_crystal_walls,
          nicolae_ru_sacrificial_ziggurat, uniq_terence

Skill      XL: |  1  2  3 |
---------------+----------+-----
Stealth        | 5 |  5.2
Short Blades   | 3 |  3.1
Fighting       | |  1.9
Throwing       | |  2.5
Dodging        | |  1.7

Action                   || total
-------------------------++-------
Melee: Dagger            ||    78
 Fire: Blowgun           ||     3
  Use: Scroll            ||     4
 Stab: Sleeping          ||    12
  Eat: Bread ration      ||     1
       Beef jerky        ||     1
